 Dungeon Crawl Stone Soup version 0.30-a0-743-gbfdf073431 (webtiles) character file.

Game seed: 3859390507428494309

46 CrazyBamboolord the Shooter (level 3, -3/27 HPs)
             Began as a Formicid Hunter on Feb 7, 2023.
             Constricted to death by Crazy Yiuf (6 damage)
             ... on level 2 of the Dungeon.
             The game lasted 00:03:57 (823 turns).

CrazyBamboolord the Shooter (Formicid Hunter)        Turns: 823, Time: 00:03:58

Health: -3/27      AC:  4    Str: 15    XL:     3   Next: 92%
Magic:  3/3        EV:  9    Int:  8    God:
Gold:   25         SH:  0    Dex: 19    Spells: 2/2 levels left

rFire   + . .      SeeInvis +    a - +0 shortbow
rCold   . . .      Faith    .    (no shield)
rNeg    . . .      Spirit   .    c - +0 leather armour
rPois   .          Reflect  .    (helmet unavailable)
rElec   .          Harm     .    (no cloak)
rCorr   .          Rampage  .    (no gloves)
Will    .....                    j - +0 pair of boots
Stlth   ++                       (no amulet)
HPRegen 0.24/turn                f - ring of protection from fire
MPRegen 0.08/turn                (no ring)

@: grasped by roots, attractive, constricted
A: permanent stasis, dig shafts and tunnels, antennae 3, four strong arms
a: Dig, Shaft Self


You were on level 2 of the Dungeon.
You visited 1 branch of the dungeon, and saw 2 of its levels.

You collected 25 gold pieces.

Inventory:

Hand Weapons
 a - a +0 shortbow (weapon)
Armour
 c - a +0 leather armour (worn)
 j - a +0 pair of boots (worn)
Jewellery
 f - a ring of protection from fire (left hand)
Scrolls
 b - a scroll of immolation
 d - 2 scrolls of teleportation {unknown}
 i - a scroll of vulnerability {unknown}
Potions
 e - 2 potions of attraction
 g - a potion of curing {unknown}
 h - a potion of haste {unknown}


   Skills:
 * Level 2.2 Fighting
 * Level 5.1 Ranged Weapons
 + Level 0.3 Armour
 * Level 1.9 Dodging
 + Level 1.2 Stealth
 * Level 0.3 Shields


You had 2 spell levels left.
You didn't know any spells.
Your spell library was empty.

Dungeon Overview and Level Annotations

Branches:
Dungeon (2/15)

Altars:
Qazlal

Annotations:
D:2 Crazy Yiuf


Innate Abilities, Weirdness & Mutations

You cannot be hasted, slowed, berserked, paralysed or teleported.
You can dig through walls and to a lower floor.
You have a pair of large antennae on your head. (SInv)
Your four strong arms can wield two-handed weapons with a shield.


Message History

Your Ranged Weapons skill increases to level 5!
No target in view!
Found a stone staircase leading up.
Found a hammer.
Found a runed translucent door.
Crazy Yiuf shouts!
Crazy Yiuf grits, "Island!"
You sense a monster nearby.
Fire: a) +0 shortbow
Press: ? - help, Shift-Dir - straight line, f - Crazy Yiuf
Aim: Crazy Yiuf, wielding a +3 quarterstaff of chaos, wearing a +1 cloak and carrying a wand of roots (11) (fire blocked by a runed translucent door, 68% to hit)
Unknown command.
You open the door. You shoot an arrow.
The arrow hits Crazy Yiuf but does no damage.
Crazy Yiuf yells, "Mama!"
Crazy Yiuf completely misses you.
You shoot an arrow. The arrow hits Crazy Yiuf!
Crazy Yiuf is heavily wounded.
Crazy Yiuf zaps a wand.
The roots erupt in riotous growth!
The grasping roots grab you!
Crazy Yiuf is unaffected.
The grasping roots constrict you.
Crazy Yiuf hits you with a +3 quarterstaff of chaos!
Crazy Yiuf burns you. The grasping roots constrict you.
You are too injured to fight recklessly!
You escape the roots grasp.
Crazy Yiuf attacks as you move away! Crazy Yiuf closely misses you.
Crazy Yiuf zaps a wand.
The roots erupt in riotous growth!
The grasping roots grab you! The grasping roots constrict you.
You escape the roots grasp.
Crazy Yiuf says, "I'm not crazy!"
Crazy Yiuf zaps a wand.
The roots erupt in riotous growth!
The grasping roots grab you! The grasping roots constrict you!
* * * LOW HITPOINT WARNING * * *
It was a potion of attraction.
You feel attractive to monsters.
Crazy Yiuf screams, "Adder pizzabubble foot!"
The grasping roots constrict you.
You die...

#####
#..)#
#...# ...
#'# ♣♣g♣
♣.♣♣ ♣♣@♣
♣.♣♣
♣♣.♣♣ {
♣.P.♣♣
♣P.P.♣
##..##
##....#
#.#...#
#.##.##.#


You could see Crazy Yiuf.

Vanquished Creatures
  A gnoll (D:1)
  An adder (D:2)
  A dart slug (D:1)
  3 ball pythons
  2 endoplasms
  A giant cockroach (D:1)
  2 goblins (D:1)
  3 hobgoblins (D:1)
  A kobold (D:1)
  A quokka (D:1)
  6 bats (D:1)
  2 rats (D:1)
24 creatures vanquished.

Notes
Turn   | Place    | Note
-------+----------+-------------------------------------------
     0 | D:1      | CrazyBamboolord the Formicid Hunter began the quest for the
                  | Orb.
     0 | D:1      | Reached XP level 1. HP: 16/16 MP: 1/1
   117 | D:1      | Reached XP level 2. HP: 22/22 MP: 2/2
   210 | D:1      | Reached XP level 3. HP: 10/27 MP: 3/3
   726 | D:2      | Found a stormy altar of Qazlal.
   786 | D:2      | Reached skill level 5 in Ranged Weapons
   814 | D:2      | Found a runed translucent door.
   815 | D:2      | Noticed Crazy Yiuf
   823 | D:2      | Constricted to death by Crazy Yiuf

Illustrated notes

Levels and vault maps discovered:
D:1:      lightli_arrival_quake, layout_loops_ring, minmay_tromino_v4_c
D:2:      minmay_door_path, layout_basic, basic_altar,
          chequers_serial_rivers_large_a, minmay_misc_feat_doors,
          minmay_misc_feat_four_crosses, minmay_rat_gold_closets,
          uniq_crazy_yiuf_cottage

Skill      XL: |  1  2  3 |
---------------+----------+-----
Ranged Weapons | 5 |  5.1
Fighting       | |  2.2
Armour         | |  0.3
Dodging        | |  1.9
Stealth        | |  1.2
Shields        | |  0.3

Action                     || total
---------------------------++-------
   Fire: Shortbow          ||    57
Ability: Dig               ||     2
    Use: Potion            ||     1
 Armour: Leather armour    ||    13
  Dodge: Dodged            ||    24

Table legend: (Time is in decaauts)
 A = Elapsed time spent in this place.
 B = Non-inter-level travel time spent in this place.
 C = Inter-level travel time spent in this place.
 D = Time resting spent in this place.
 E = Time spent auto-exploring this place.
 F = Levels seen in this place.
 G = Mean time per level.
                   A        B        C        D        E       F      G
               +--------+--------+--------+--------+--------+-----+--------+
         Total |    839 |    802 |     37 |     70 |    602 |   2 |  419.5 |
       Dungeon |    839 |    802 |     37 |     70 |    602 |   2 |  419.5 |
               +--------+--------+--------+--------+--------+-----+--------+

Top non-repeatable levels by time:
     D:1: 694 daAuts
     D:2: 144 daAuts
